 Dungeon Crawl Stone Soup version 0.29.1-1-gd02db6906a (webtiles) character file.

Game seed: 18290516404563614825

91657 mortz the Severer (level 16, -22/146 HPs)
             Began as a Hill Orc Fighter on Oct 22, 2022.
             Was the Champion of Okawaru.
             Annihilated by a stone giant (50 damage)
             ... on level 1 of the Orcish Mines.
             The game lasted 02:45:32 (29828 turns).

mortz the Severer (Hill Orc Fighter)               Turns: 29828, Time: 02:45:32

Health: -22/146    AC: 35    Str: 34    XL:     16   Next: 3%
Magic:  8/8        EV: 11    Int:  8    God:    Okawaru [******]
Gold:   1601       SH:  6    Dex: 10    Spells: 15/15 levels left

rFire   + . .      SeeInvis .   a - +10 broad axe "Zoenauq" {antimagic, rF+ rC+ rCorr Str+7}
rCold   + . .      Faith    +   u - +0 buckler {AC+3}
rNeg    . . .      Spirit   .   U - +5 chain mail "Xeimiob" {Stlth+}
rPois   .          Reflect  .   k - +2 helmet
rElec   .          Harm     .   L - +1 cloak
rCorr   +          Rampage  .   v - +1 pair of gloves
Will    +....                   E - +2 pair of boots {Fly}
Stlth   ..........              H - amulet of faith
HPRegen 0.34/turn               R - +4 ring of protection
MPRegen 0.11/turn               w - +4 ring of slaying

@: flying, silenced
A: no striking features
a: Renounce Religion


You were on level 1 of the Orcish Mines.
You worshipped Okawaru.
Okawaru was exalted by your worship.
You visited 4 branches of the dungeon, and saw 20 of its levels.
You also visited: Sewer, Gauntlet and Ice Cave.

You collected 1696 gold pieces.
You spent 95 gold pieces at shops.

Inventory:

Hand Weapons
 a - the +10 broad axe "Zoenauq" (weapon) {antimagic, rF+ rC+ rCorr Str+7}
   (You acquired it on level 9 of the Dungeon)

   It reduces the magical energy of the wielder, and disrupts the spells and
   magical abilities of those it strikes.
   Natural abilities and divine invocations are not affected.
   Str:       It affects your strength (+7).
   rF:        It protects you from fire.
   rC:        It protects you from cold.
   rCorr:     It protects you from acid and corrosion.
 b - the +8 bardiche of Death's Door {flame, Dex+5 SInv}
   (You found it on level 5 of the Lair of Beasts)

   It burns those it strikes, dealing additional fire damage.
   Big, fiery blades are also staple armaments of hydra-hunters.
   Dex:       It affects your dexterity (+5).
   SInv:      It lets you see invisible.
Missiles
 c - a silver javelin
 e - 33 poisoned darts (quivered)
 Q - 15 javelins
 V - 2 throwing nets
Armour
 g - a scarf of repulsion
 k - a +2 helmet (worn)
 n - the +1 pair of boots of Gluttony {Int+5}
   (Okawaru gifted it to you in a Gauntlet)

   Int:       It affects your intelligence (+5).
 t - the +7 scale mail of Hep Zuru {Int+2}
   (You found it on level 5 of the Lair of Beasts)

   Int:       It affects your intelligence (+2).
 u - a +0 buckler of protection (worn)
 v - a +1 pair of gloves (worn)
 y - a scarf of invisibility
 E - a +2 pair of boots of flying (worn)
 F - a +2 chain mail of cold resistance
 J - a +0 pair of boots of rampaging
 L - a +1 cloak (worn)
 P - a +4 ring mail
 S - the +0 pair of boots of Leapfrog {-Tele rPois rC++ SInv}
   (Okawaru gifted it to you in an ice cave)

   rC:        It greatly protects you from cold.
   rPois:     It protects you from poison.
   SInv:      It lets you see invisible.
   -Tele:     It prevents most forms of teleportation.
 U - the +5 chain mail "Xeimiob" (worn) {Stlth+}
   (You found it in a Gauntlet)

   Stlth:     It makes you more stealthy.
Jewellery
 j - a ring of wizardry
 w - a +4 ring of slaying (right hand)
 B - a ring of protection from fire
 H - an amulet of faith (around neck)
 M - the ring of Sefod {rF+ Dex+6 Stlth+}
   (You found it in a Gauntlet)

   [ring of dexterity]

   Dex:       It affects your dexterity (+6).
   rF:        It protects you from fire.
   Stlth:     It makes you more stealthy.
 R - a +4 ring of protection (left hand)
Wands
 i - a wand of digging (6)
 s - a wand of iceblast (17)
 x - a wand of acid (14)
 T - a wand of polymorph (10)
 W - a wand of mindburst (19)
 Y - a wand of flame (34)
 Z - a wand of paralysis (6)
Scrolls
 h - 3 scrolls of enchant weapon
 p - 3 scrolls of immolation
 r - a scroll of magic mapping
 A - 8 scrolls of blinking
 G - 3 scrolls of teleportation
 O - 6 scrolls of identify
Potions
 d - 6 potions of might
 f - 5 potions of heal wounds
 m - 4 potions of haste
 o - 4 potions of resistance
 q - 3 potions of invisibility
 z - 2 potions of brilliance
 C - 9 potions of mutation
 D - 4 potions of curing
 K - 5 potions of attraction
 X - 3 potions of berserk rage
Miscellaneous
 l - a condenser vane


   Skills:
 + Level 14.3 Fighting
 + Level 4.2 Long Blades
 + Level 20.1 Axes
 + Level 1.0(11.2) Polearms
 + Level 7.5 Throwing
 + Level 10.6 Armour
 + Level 6.3 Dodging
 + Level 3.4 Stealth
 + Level 10.0 Shields
 * Level 14.1 Invocations


You had 15 spell levels left.
You didn't know any spells.
Your spell library contained the following spells:

 Spells                   Type           Power      Damage    Failure   Level
 Apportation              Tloc           0%         N/A       87%         1
 Foxfire                  Conj/Fire      0%         2x1d4     87%         1
 Dazzling Flash           Conj/Hex       0%         N/A       99%         3
 Gell's Gravitas          Tloc           0%         N/A       99%         3
 Lesser Beckoning         Tloc           0%         N/A       99%         3
 Mephitic Cloud           Conj/Pois/Air  0%         N/A       99%         3
 Teleport Other           Tloc           0%         N/A       99%         3
 Iskenderun's Mystic Bla  Conj/Tloc      0%         2d3       100%        4
 Petrify                  Tmut/Erth      0%         N/A       100%        4
 Alistair's Intoxication  Tmut/Pois      0%         N/A       100%        5
 Blade Hands              Tmut           0%         N/A       100%        5
 Irradiate                Conj/Tmut      0%         3d11      100%        5
 Metabolic Englaciation   Hex/Ice        0%         N/A       100%        5
 Starburst                Conj/Fire      0%         6d3       100%        6
 Statue Form              Tmut/Erth      0%         N/A       100%        6
 Dragon Form              Tmut           0%         N/A       100%        7
 Ozocubu's Refrigeration  Ice            0%         4d7       100%        7
 Storm Form               Tmut/Air       0%         N/A       100%        7
 Maxwell's Capacitive Co  Air            0%         ∞         100%        8
 Chain Lightning          Conj/Air       0%         N/A       100%        9
 Summon Lightning Spire   Summ/Air       Unusable   N/A       N/A         4

Dungeon Overview and Level Annotations

Branches:
Dungeon (12/15) Zot: 26038  Temple (1/1) D:7 Zot: 5762    Lair (5/5) D:10 Zot: 20500
  Swamp (0/4) Lair:2        Snake (0/4) Lair:2        Slime (0/5) Lair:5
    Orc (2/2) D:9 Zot: 9785     Elf (0/3) Orc:2         Sewer (visited)
  IceCv (visited)         Gauntlet (visited)

Altars:
Ashenzari
Cheibriados
Dithmenos
Elyvilon
Fedhas
Gozag
Hepliaklqana
Kikubaaqudgha
Makhleb
Nemelex Xobeh
Okawaru
Qazlal
Ru
Sif Muna
Trog
Uskayaw
Vehumet
Wu Jian
Xom
Yredelemnul
Zin
The Shining One
Beogh
Jiyva
Lugonu

Shops:
D:2 !   D:4 !   D:5 [   D:7 =   Orc:2 *:=*(

Portals:
Abyss: Lair:5

Annotations:
D:7 exclusions: downstairs and oklob plant
D:8 exclusions: door and 3 more exclusions, Amaemon
Orc:1 1 transporter, 1 runed translucent door
Orc:2 3 runed translucent doors, Du3lingdragon's ghost, journeyman TeMo


Message History

The deep troll claws you but does no damage.
The deep troll closely misses you.
You closely miss the deep troll.
The deep troll bites you but does no damage.
The deep troll claws you! You block the deep troll's attack.
You hit the deep troll but do no damage.
The deep troll bites you but does no damage.
The deep troll closely misses you. The deep troll claws you!
You hit the deep troll but do no damage.
You block the deep troll's attack. The deep troll claws you. x2
You hit the deep troll.
The deep troll is lightly wounded.
You block the deep troll's attack. x2; The deep troll claws you!!
You slice the deep troll!!
The deep troll is moderately wounded.
The deep troll bites you but does no damage.
The deep troll claws you but does no damage.
You block the deep troll's attack.
You hit the deep troll.
The deep troll is moderately wounded.
The deep troll bites you!! The deep troll barely misses you.
The deep troll claws you!!
The moth of wrath goads the stone giant on!
The stone giant goes berserk!
You slash the deep troll!
The deep troll is heavily wounded.
You hit the stone giant. The deep troll closely misses you.
The deep troll claws you but does no damage. x2
The stone giant hits you!
* * * LOW HITPOINT WARNING * * *
The deep troll bites you!!
* * * LOW HITPOINT WARNING * * *
The deep troll barely misses you. The deep troll claws you.
* * * LOW HITPOINT WARNING * * *
The deep troll attacks as you move away!
The deep troll bites you but does no damage.
The deep troll barely misses you. The deep troll claws you.
* * * LOW HITPOINT WARNING * * *
You feel much better. The stone giant hits you!!!
You die...

...#...# ##...... ###..
.......########...### ⌠ #y#..
...#........#y#...#y ... ####..
.......#....###)'### .....##.....
#.....#......##...###T[C..##.....
.#.#........©##©÷.#W+_:$.C##©....
###..........##.).## .?..##.....
# #^...#....###''####.....##.....
##...#....#y#.@.#y#.... ####..
##.#########.CT###..⌠. #y#.. ###
##......... ###.. ##........ #..
######### #..


§#yeeee #.. ## #### #.. #.# #####.. You could see a stone giant (berserk), a
deep elf sorcerer, a deep elf elementalist (repels missiles), a deep troll
(berserk), 3 moths of wrath and a deep elf zephyrmancer.

Vanquished Creatures
  Rupert (Orc:2)
  A dire elephant (shapeshifter) (Lair:5)
  A minotaur (Gauntlet)
  A great orb of eyes (Gauntlet)
  2 ironbound frosthearts (IceCv)
  2 boulder beetles
  11 hydras
  A ghost crab (Gauntlet)
  A centaur warrior (D:9)
  3 catoblepae
  2 two-headed ogres
  21 death yaks
  3 thrashing horrors (Lair:5)
  3 orc high priests (Orc:2)
  4 skeletal warriors (D:11)
  A death drake (Gauntlet)
  5 orc knights
  4 orc sorcerers
  4 ugly things
  A worldbinder (Gauntlet)
  A cyclops (D:9)
  2 manticores
  An ice statue (IceCv)
  3 black mambas
  A centaur zombie (Gauntlet)
  2 gargoyles
  A torpor snail (Lair:2)
  12 cane toads
  3 smoke demons (Lair:5)
  A spectral redback (Gauntlet)
  4 kobold demonologists
  5 rime drakes
  An unseen horror (D:12)
  An orange demon (D:8)
  9 komodo dragons
  13 polar bears (IceCv)
  8 trolls
  A tyrant leech (Lair:2)
  2 ancient zymes (Lair:5)
  35 blink frogs
  5 hornets
  A dream sheep (Lair:2)
  A slime creature (D:12)
  Sigmund (D:4)
  2 shadows (D:11)
  7 wyverns
  2 wraiths (D:9)
  55 yaks
  A water elemental (D:11)
  A spriggan (Lair:5)
  3 steam dragons
  A human (shapeshifter) (D:12)
  2 chaos spawn (Lair:5)
  Eustachio (D:5)
  2 vampire mosquitoes (D:10)
  8 basilisks
  A swamp worm (Lair:2)
  An acid dragon (D:10)
  3 wargs
  A naga (Lair:2)
  A large abomination (Lair:5)
  Duvessa (D:6)
  10 water moccasins
  An ice beast (D:5)
  8 black bears
  Pargi (Sewer)
  16 orc warriors
  A sky beast (D:8)
  8 ogres
  2 boggarts (Gauntlet)
  28 wolves
  5 centaurs
  A phantom (D:7)
  6 kobold brigands
  3 necrophages
  8 bullfrogs
  2 gnoll sergeants
  2 scorpions
  14 wights
  Dowan (D:6)
  11 small abominations (Lair:5)
  2 killer bees (D:9)
  5 howler monkeys
  4 electric eels
  A lava snake (D:9)
  8 hounds
  14 orc priests
  2 jellies
  5 iguanas
  19 orc wizards
  A boggart zombie (Gauntlet)
  16 hell rats
  7 gnolls
  7 adders
  3 river rats (D:3)
  12 white imps (D:11)
  An ufetubus (D:6)
  2 worms
  A dart slug (D:1)
  52 orcs
  6 bats
  8 endoplasms
  8 giant cockroaches
  6 goblins
  9 hobgoblins
  3 jackals (D:1)
  29 kobolds
  7 quokkas
  10 ball pythons
  7 frilled lizards
  6 rats
668 creatures vanquished.

Vanquished Creatures (others)
  18 fungi
  20 plants
  20 toadstools (D:7)
58 creatures vanquished.

Grand Total: 726 creatures vanquished

Notes
Turn   | Place    | Note
-------+----------+-------------------------------------------
     0 | D:1      | mortz the Hill Orc Fighter began the quest for the Orb.
     0 | D:1      | Reached XP level 1. HP: 19/19 MP: 1/1
   423 | D:1      | Reached skill level 3 in Axes
   423 | D:1      | Reached XP level 2. HP: 25/27 MP: 2/2
   775 | D:1      | Found a faded altar of an unknown god.
   791 | D:1      | Reached XP level 3. HP: 33/33 MP: 3/3
  1585 | D:2      | Reached skill level 4 in Axes
  1838 | D:2      | Reached XP level 4. HP: 38/40 MP: 4/4
  1871 | D:2      | Found Iqiro's Distillery.
  2017 | D:2      | Bought a potion of heal wounds for 55 gold pieces
  2102 | D:3      | Found a glowing drain.
  2136 | D:3      | Reached skill level 5 in Axes
  2151 | Sewer    | Entered a sewer
  2308 | Sewer    | Noticed Pargi
  2343 | Sewer    | Killed Pargi
  2344 | Sewer    | Reached skill level 6 in Axes
  2344 | Sewer    | Reached XP level 5. HP: 24/47 MP: 5/5
  3472 | D:4      | Reached XP level 6. HP: 53/53 MP: 6/6
  3515 | D:4      | Noticed Sigmund
  3736 | D:4      | Reached skill level 5 in Fighting
  3736 | D:4      | Reached skill level 7 in Axes
  3812 | D:4      | Reached XP level 7. HP: 30/61 MP: 7/7
  3983 | D:4      | Found Vidgh's Distillery.
  4008 | D:4      | Bought a potion of degeneration for 10 gold pieces
  4008 | D:4      | Bought a potion of curing for 30 gold pieces
  4145 | D:4      | Killed Sigmund
  4146 | D:4      | Reached skill level 8 in Axes
  4146 | D:4      | Reached skill level 1 in Throwing
  4282 | D:4      | Found a stormy altar of Qazlal.
  4282 | D:4      | Found a radiant altar of Vehumet.
  4360 | D:5      | Entered Level 5 of the Dungeon
  4444 | D:5      | Reached skill level 1 in Dodging
  4544 | D:5      | Reached skill level 9 in Axes
  4544 | D:5      | Reached XP level 8. HP: 50/68 MP: 8/8
  4547 | D:5      | Reached skill level 5 in Armour
  4808 | D:5      | Noticed Eustachio
  4822 | D:5      | Killed Eustachio
  4916 | D:5      | Found Zuecwur's Antique Armour Shoppe.
  5422 | D:5      | Reached skill level 10 in Axes
  6370 | D:6      | Noticed Duvessa
  6375 | D:6      | Noticed Dowan
  6381 | D:6      | Killed Duvessa
  6395 | D:6      | Killed Dowan
  6463 | D:6      | Reached XP level 9. HP: 74/75 MP: 9/9
  7339 | D:7      | Noticed a hornet
  7402 | D:7      | Reached skill level 11 in Axes
  7458 | D:7      | Killed a hornet
  7736 | D:7      | Found a hide-covered altar of Uskayaw.
  8086 | D:7      | Found Gisuq's Jewellery Boutique.
  8268 | D:7      | Found a blossoming altar of Fedhas.
  8291 | D:7      | Noticed an oklob plant
  8362 | D:7      | Found a staircase to the Ecumenical Temple.
  8371 | Temple   | Entered the Ecumenical Temple
  8592 | Temple   | Became a worshipper of Warmaster Okawaru
  8772 | D:8      | Noticed a hornet
  9017 | D:8      | Reached skill level 12 in Axes
  9034 | D:8      | Reached XP level 10. HP: 86/88 MP: 10/10
  9065 | D:8      | Reached * piety under Okawaru
  9066 | D:8      | Reached skill level 1 in Stealth
  9143 | D:8      | Found a hazy altar of Hepliaklqana.
  9408 | D:8      | Found a shimmering altar of Xom.
  9436 | D:8      | Noticed Amaemon
  9436 | D:8      | Noticed an orange demon
  9455 | D:8      | Killed an orange demon
  9456 | D:8      | Reached skill level 1 in Invocations
  9920 | D:9      | Reached skill level 5 in Shields
 10152 | D:9      | Noticed a boulder beetle
 10164 | D:9      | Killed a boulder beetle
 10164 | D:9      | Reached ** piety under Okawaru
 10165 | D:9      | Reached skill level 13 in Axes
 10890 | D:9      | Found a shimmering blue altar of Sif Muna.
 10974 | D:9      | Reached *** piety under Okawaru
 11335 | D:9      | Reached skill level 14 in Axes
 11335 | D:9      | Reached XP level 11. HP: 45/95 MP: 12/14
 11530 | D:9      | Noticed a centaur warrior
 11538 | D:9      | Noticed a cyclops
 11542 | D:9      | Killed a centaur warrior
 11580 | D:9      | Killed a cyclops
 11580 | D:9      | Reached **** piety under Okawaru
 11953 | D:9      | Found a staircase to the Orcish Mines.
 12350 | D:10     | Entered Level 10 of the Dungeon
 12353 | D:9      | Identified a scroll of acquirement
 12353 | D:9      | Acquired the +10 broad axe "Zoenauq" {antimagic, rF+ rC+
                  | rCorr Str+7}
 12504 | D:10     | Reached skill level 5 in Invocations
 12769 | D:10     | Received a gift from Okawaru
 12843 | D:10     | Reached ***** piety under Okawaru
 12967 | D:10     | Found a shadowy altar of Dithmenos.
 13182 | D:10     | Found a staircase to the Lair.
 13335 | D:10     | Reached skill level 15 in Axes
 13382 | D:10     | Noticed a sixfirhy
 13882 | Lair:1   | Entered Level 1 of the Lair of Beasts
 14244 | Lair:1   | Noticed a six-headed hydra
 14254 | Lair:1   | Killed a one-headed hydra
 14254 | Lair:1   | Received a gift from Okawaru
 14364 | Lair:1   | Reached XP level 12. HP: 97/106 MP: 5/17
 14884 | Lair:1   | Reached skill level 16 in Axes
 14888 | Lair:1   | Reached skill level 10 in Fighting
 15560 | Lair:2   | Found a staircase to the Snake Pit.
 15611 | Lair:2   | Received a gift from Okawaru
 15863 | Lair:2   | Noticed a boulder beetle
 16521 | Lair:2   | Noticed a death yak
 16521 | Lair:2   | Noticed a death yak
 16532 | Lair:2   | Killed a death yak
 16545 | Lair:2   | Killed a death yak
 16739 | Lair:2   | Noticed a five-headed hydra
 16764 | Lair:2   | Reached skill level 17 in Axes
 16768 | Lair:2   | Killed a one-headed hydra
 16769 | Lair:2   | Reached skill level 1 in Long Blades
 17012 | Lair:2   | Killed a boulder beetle
 17254 | Lair:2   | Noticed a six-headed hydra
 17287 | Lair:2   | Killed a one-headed hydra
 17380 | Lair:2   | Noticed a six-headed hydra
 17564 | Lair:2   | Killed a one-headed hydra
 17565 | Lair:2   | Reached XP level 13. HP: 84/115 MP: 7/20
 17683 | Lair:2   | Found a staircase to the Swamp.
 17764 | Lair:3   | Reached ****** piety under Okawaru
 17842 | Lair:3   | Received a gift from Okawaru
 17878 | Lair:3   | Reached skill level 10 in Invocations
 18486 | Lair:3   | Reached skill level 5 in Throwing
 19286 | Lair:4   | Reached skill level 18 in Axes
 19580 | Lair:4   | Received a gift from Okawaru
 19755 | Lair:4   | Reached XP level 14. HP: 57/126 MP: 3/22
 19756 | Lair:4   | Received a gift from Okawaru
 20289 | Lair:5   | Entered Level 5 of the Lair of Beasts
 20296 | Lair:5   | Reached skill level 5 in Dodging
 21105 | Lair:5   | Found a staircase to the Slime Pits.
 21105 | Lair:5   | Found a viscous altar of Jiyva.
 22254 | Lair:5   | Received a gift from Okawaru
 22629 | Lair:5   | Received a gift from Okawaru
 22674 | Lair:5   | Identified the +7 scale mail of Hep Zuru {Int+2}
 22862 | Lair:5   | Noticed a dire elephant
 22875 | Lair:5   | Killed a dire elephant
 23123 | Lair:5   | Found a corrupted altar of Lugonu.
 23123 | Lair:5   | Found a one-way gate to the infinite horrors of the Abyss.
 23144 | Lair:5   | Identified the +8 bardiche of Death's Door {flame, Dex+5
                  | SInv}
 23588 | D:11     | Reached skill level 19 in Axes
 23689 | D:11     | Found a frozen archway.
 23726 | IceCv    | Entered an ice cave
 23849 | IceCv    | Received a gift from Okawaru
 23901 | IceCv    | Reached XP level 15. HP: 135/135 MP: 8/24
 24249 | IceCv    | Identified the +0 pair of boots of Leapfrog {-Tele rPois
                  | rC++ SInv} (Okawaru gifted it to you in an ice cave)
 24249 | IceCv    | Received a gift from Okawaru
 25191 | D:11     | Reached skill level 10 in Armour
 26255 | D:12     | Reached skill level 1 in Polearms
 26681 | Orc:1    | Entered Level 1 of the Orcish Mines
 27033 | Orc:2    | Entered Level 2 of the Orcish Mines
 27054 | Orc:2    | Found a staircase to the Elven Halls.
 27134 | Orc:2    | Found Muehok's Weapon Shop.
 27152 | Orc:2    | Noticed Rupert
 27170 | Orc:2    | Killed Rupert
 27170 | Orc:2    | Received a gift from Okawaru
 27503 | Orc:2    | Found a gate leading to a gauntlet.
 27521 | Gauntlet | Entered a Gauntlet
 27521 | Gauntlet | Found a transporter.
 27536 | Gauntlet | Found a transporter.
 27537 | Gauntlet | Found a transporter.
 27538 | Gauntlet | Found a transporter.
 27545 | Gauntlet | Found a transporter.
 27548 | Gauntlet | Found a transporter.
 27549 | Gauntlet | Found a transporter.
 27553 | Gauntlet | Found a runed translucent door.
 27557 | Gauntlet | Found a transporter.
 27560 | Gauntlet | Found a transporter.
 27561 | Gauntlet | Found a transporter.
 27569 | Gauntlet | Found a transporter.
 27569 | Gauntlet | Found a runed translucent door.
 27572 | Gauntlet | Found a transporter.
 27573 | Gauntlet | Found a transporter.
 27581 | Gauntlet | Found a transporter.
 27923 | Gauntlet | Identified the ring of Sefod {rF+ Dex+6 Stlth+}
 27937 | Gauntlet | Identified the +1 pair of boots of Gluttony {Int+5}
                  | (Okawaru gifted it to you in a Gauntlet)
 27937 | Gauntlet | Received a gift from Okawaru
 28282 | Gauntlet | Identified the +5 chain mail "Xeimiob" {Stlth+}
 28347 | Gauntlet | Got the Omnibus of Kinetic Rime
 28407 | Orc:2    | Found a runed translucent gate.
 28407 | Orc:2    | Found a runed translucent gate.
 28407 | Orc:2    | Found a runed translucent gate.
 28413 | Orc:2    | Noticed Du3lingdragon's ghost (journeyman TeMo)
 28543 | Orc:2    | Reached skill level 10 in Shields
 28866 | Orc:2    | Paralysed by an orc sorcerer for 4 turns
 28883 | Orc:2    | Found Eduidu Koopt's Jewellery Emporium.
 28883 | Orc:2    | Found Koib's General Store.
 28887 | Orc:2    | Reached skill level 20 in Axes
 29135 | Orc:2    | Found Giucsec's Assorted Antiques.
 29135 | Orc:2    | Found Syuvidoira's Book Shop.
 29378 | Orc:1    | Found a roughly hewn altar of Beogh.
 29511 | Orc:1    | Reached XP level 16. HP: 123/146 MP: 8/26
 29664 | Orc:1    | Found a transporter.
 29803 | Orc:1    | Found a transporter.
 29803 | Orc:1    | Found a runed translucent door.
 29803 | Orc:1    | Found a bloodstained altar of Trog.
 29803 | Orc:1    | Found the necklace of Bloodlust {*Rage Will++ Int-3 Slay+6}
 29828 | Orc:1    | Annihilated by a stone giant

Illustrated notes

Levels and vault maps discovered:
D:1:      dpeg_cavernosity, layout_rooms, hellmonk_ecumenical_altar_blasted
D:2:      layout_basic, serial_shops, nicolae_shop_window_shopping
D:3:      layout_basic, portal_sewer_entry_a
D:4:      layout_rooms, gammafunk_temple_overflow_elements, serial_shops, shop,
          serial_aquarium, aquarium_bridge_square [aquarium_subvault_balcony,
          aquarium_subvault_wall, aquarium_subvault_bridge,
          aquarium_subvault_bridge], aquarium_window_fake, aquarium_window_3,
          aquarium_window_2, aquarium_window_fake, aquarium_view_2e,
          aquarium_view_2f, aquarium_pool_2, uniq_sigmund
D:5:      layout_layer_cave, serial_shops, nicolae_shop_hallway_plus,
          nicolae_concentric_dashed_squares_mild, uniq_eustachio
D:6:      layout_basic, uniq_duvessa
D:7:      layout_basic, lemuel_doored_altar, tgw_fedhas,
          lemuel_temple_firewalk_a, serial_shops, kennysheep_mini_moat
D:8:      layout_cave_pools, general_overflow_altar,
          mainiacjoe_overflow_24_doors, uniq_amaemon
D:9:      kennysheep_blocky_room, layout_basic,
          mainiacjoe_overflow_surrounded_room, kennysheep_generic_room_2
D:10:     layout_gridville, old_standard_altar, erik_lair_island, minivault_14
D:11:     layout_basic, portal_ice_cave_entry_imps
D:12:     layout_long_grid, minmay_bent
Temple:   dpeg_chambers_temple
Lair:1:   layout_layer_cave
Lair:2:   layout_chaotic_city, palyth_hydra_swamp_entry,
          guppyfry_snake_entry_island, minmay_shattered_shrine,
          grunt_megastairs_1
Lair:3:   wander_river, layout_big_grid, beast_lair_carwin_8
Lair:4:   layout_misc_corridors, special_room [special_room_mythical_zoo],
          nicolae_lair_yak_garden
Lair:5:   hellmonk_lair_end_abyssal_woods, layout_hall_layers, slime_entry_1,
          eino_small_chamber_without_monster, lemuel_fruit_tree
Orc:1:    emtedronai_trogs_sanctum, layout_diamond_mine, minmay_orc_temple_a
Orc:2:    grunt_orc_tribal_feast, layout_diamond_mine, serial_shops, shop,
          ebering_ghost_rock_garden, gauntlet_entry_generic, uniq_rupert

Skill      XL: |  1  2  3  4  5  6  7  8  9 10 11 12 13 14 15 |
---------------+----------------------------------------------+-----
Axes           | 3 4 6 7 9 10 12 14 15 17 18 19 20 | 20.1
Fighting       | 4 5 6 7 8 9 10 12 13 14 | 14.3
Armour         | 4 6 7 8 9 10 | 10.6
Throwing       | 1 2 3 4 5 6 7 |  7.5
Dodging        | 1 2 3 4 5 6 |  6.3
Shields        | 4 5 7 8 9 10 | 10.0
Stealth        | 1 2 3 |  3.4
Invocations    | 4 7 9 11 12 14 | 14.1
Long Blades    | 2 3 4 |  4.2
Polearms       | 1 |  1.0

Action                   |  1- 3 |  4- 6 |  7- 9 | 10-12 | 13-15 | 16-18 || total
-------------------------+-------+-------+-------+-------+-------+-------++-------
Melee: War axe           |   137 |   146 |   265 |    84 |       |       ||   632
       Broad axe         |       |     8 |       |   264 |   833 |    27 ||  1132
       Dagger            |       |    14 |       |       |       |       ||    14
       Battleaxe         |       |       |       |    73 |       |       ||    73
       Falchion          |       |       |       |    38 |    46 |       ||    84
       Bardiche          |       |       |       |       |     4 |       ||     4
Throw: Stone             |     8 |       |       |       |       |       ||     8
       Dart              |    10 |     2 |    59 |    45 |    85 |     2 ||   203
       Javelin           |       |       |       |       |   102 |       ||   102
Invok: Heroism           |       |       |       |     3 |     1 |       ||     4
       Finesse           |       |       |       |       |     6 |       ||     6
Evoke: Wand              |       |       |       |       |     1 |       ||     1
  Use: Scroll            |       |     7 |    13 |     7 |     3 |       ||    30
       Potion            |       |     2 |     1 |     1 |     6 |     1 ||    11
 Stab: Sleeping          |       |       |       |     1 |     1 |       ||     2
Armor: Scale mail        |    34 |       |       |       |   134 |       ||   168
       Chain mail        |    21 |    78 |    82 |       |    70 |    16 ||   267
       Ring mail         |       |       |    17 |   172 |   216 |       ||   405
Dodge: Dodged            |    81 |   111 |   176 |   331 |   360 |    19 ||  1078
Block: Buckler           |    27 |    40 |    49 |    27 |   166 |     8 ||   317
       Kite shield       |       |       |       |   152 |    79 |       ||   231
